 Dungeon Crawl Stone Soup version 0.30-a0-145-g03d90e2e6d (webtiles) character file.

Game seed: 11948708527860832724

57 qw the Chopper (level 4, -4/28 HPs)
             Began as a Gargoyle Fighter on Sept 26, 2022.
             Slain by Sigmund
             ... wielding a +0 scythe
              (7 damage)
             ... on level 2 of the Dungeon.
             The game lasted 00:00:38 (1433 turns).

qw the Chopper (Gargoyle Fighter)                   Turns: 1433, Time: 00:00:39

Health: -4/28      AC: 10    Str: 22    XL:     4   Next: 0%
Magic:  4/4        EV:  9    Int:  8    God:
Gold:   76         SH:  4    Dex:  9    Spells: 3/3 levels left

rFire   . . .      SeeInvis .    Y - +0 war axe
rCold   + . .      Faith    .    c - +0 buckler
rNeg    + . .      Spirit   .    b - +0 scale mail
rPois   inf        Reflect  .    (no helmet)
rElec   +          Harm     .    (no cloak)
rCorr   .          Rampage  .    (no gloves)
Will    .....                    (no boots)
Stlth   ..........               (no amulet)
HPRegen 0.09/turn                m - ring of protection from cold
MPRegen 0.09/turn                (no ring)

@: no status effects
A: sickness immunity, AC +3, negative energy resistance 1, electricity
resistance, torment resistance 1, petrification resistance
a: no special abilities


You were on level 2 of the Dungeon.
You visited 1 branch of the dungeon, and saw 2 of its levels.

You collected 76 gold pieces.


Innate Abilities, Weirdness & Mutations

You are immune to sickness and miasma.
Your stone body is resilient. (AC +3)
You are immune to poison.
You resist negative energy. (rN+)
You are resistant to electric shocks. (rElec)
You are resistant to unholy torment.
You are immune to petrification.


   Skills:
 - Level 3.2 Fighting
 + Level 3.7 Axes
 - Level 3.2 Armour
 - Level 3.2 Shields


You had 3 spell levels left.
You didn't know any spells.
Your spell library was empty.

Inventory:

Hand Weapons
 n - a +0 whip
 Y - a +0 war axe (weapon)
Armour
 b - a +0 scale mail (worn)
 c - a +0 buckler (worn)
Jewellery
 m - a ring of protection from cold (left hand)
Scrolls
 a - a scroll of enchant armour {unknown}
 e - a scroll of teleportation {unknown}
Potions
 d - 2 potions of might
 f - a potion of lignification {unknown}
 g - a potion of haste {unknown}
 i - 2 potions of berserk rage {unknown}
 j - a potion of curing
 k - a potion of attraction {unknown}

Dungeon Overview and Level Annotations

Branches:
Dungeon (2/15)

Altars:

Annotations:
D:2 Sigmund


Message History

Sigmund points at you and mumbles some strange words.
The magic dart hits you.
You hit Sigmund.
Sigmund is moderately wounded.
You block Sigmund's attack.
You hit Sigmund.
Sigmund is heavily wounded.
Sigmund gestures wildly while chanting.
Sigmund flickers and vanishes!
Deactivating autopickup; reactivate with Ctrl-A.
You closely miss something. Something hits you but does no damage.
You closely miss something. Something hits you.
You closely miss something.
You hear some strange, mumbled words.
Something tries to affect you, but you resist.
You hit something. Something hits you!
You barely miss something. Something hits you but does no damage.
You closely miss something. Something hits you.
You barely miss something. Something hits you.
You miss something. Something hits you but does no damage.
You closely miss something. Something hits you.
You closely miss something.
You hear some strange, mumbled words.
A magic dart appears from out of thin air!
The magic dart hits you!
You closely miss something.
You hear some strange, mumbled words.
A magic dart appears from out of thin air!
The magic dart hits you but does no damage.
You miss something. Something hits you!
You die...

#........#...##.#
#.........
..#####.###'##
...........#. # .....
#.# ####....##.#. .....
#.#######....##.#.
.....##.................
........####.##.#.###.#.
......#.# #.#.# #.#.
...g..#.# # #.#.###.#.
..... #@####.##...).....
##>...{...........###.#.
##...#####..##.#####.#.
#... ##............ #..
#............ ....
#.#..#####.#. #...
##.##.## #... #...
#......# #### #..#.#.#


There were no monsters in sight!

Vanquished Creatures
  An adder (D:2)
  3 dart slugs (D:1)
  4 endoplasms
  3 giant cockroaches
  6 hobgoblins
  4 kobolds
  A quokka (D:2)
  5 ball pythons (D:1)
  6 bats
  2 goblins (D:2)
  2 rats
37 creatures vanquished.

Notes
Turn   | Place    | Note
-------+----------+-------------------------------------------
     0 | D:1      | qw the Gargoyle Fighter began the quest for the Orb.
     0 | D:1      | Reached XP level 1. HP: 14/14 MP: 1/1
     0 | D:1      | 0 ||| qw: Version: 0.2-a-10-g399e6c4
     0 | D:1      | 0 ||| qw: Game counter: 509
     0 | D:1      | 0 ||| qw: Always use a shield: true
     0 | D:1      | 0 ||| qw: God list: Okawaru
     0 | D:1      | 0 ||| qw: Allow faded altars: false
     0 | D:1      | 0 ||| qw: Do Orc after D:15 true
     0 | D:1      | 0 ||| qw: Do second Lair branch before Depths: true
     0 | D:1      | 0 ||| qw: Lair rune preference: random
     0 | D:1      | 0 ||| qw: Plans: Normal, Zot:1-4, God:TSO, Crypt, Tomb,
                  | Pan, Slime:5, Hells, Abyss, Orb
     0 | D:1      | 0 ||| PLANNING D:1-11
    65 | D:1      | 65 ||| Stepping ~*~*~tactically~*~*~ (stealth).
    67 | D:1      | 67 ||| Stepping ~*~*~tactically~*~*~ (hiding).
   201 | D:1      | Reached XP level 2. HP: 19/19 MP: 2/2
   276 | D:1      | Found a faded altar of an unknown god.
   488 | D:1      | 488 ||| Stepping ~*~*~tactically~*~*~ (stealth).
   511 | D:1      | Reached skill level 3 in Axes
   592 | D:1      | Reached XP level 3. HP: 22/23 MP: 3/3
   793 | D:1      | 793 ||| DROPPING +0 club.
   867 | D:1      | 867 ||| UPGRADING to ring of protection from cold.
   868 | D:1      | 868 ||| READING scroll labelled KUSIXZ ATSI.
   869 | D:1      | 869 ||| READING scroll labelled IJAFON JEUFEX.
   870 | D:1      | 870 ||| READING scroll labelled SARAXA WUBRYERGHA.
   871 | D:1      | 871 ||| DRINKING 2 lumpy emerald potions.
  1248 | D:2      | 1248 ||| Stepping ~*~*~tactically~*~*~ (stealth).
  1256 | D:2      | 1256 ||| Stepping ~*~*~tactically~*~*~ (stealth).
  1408 | D:2      | Noticed Sigmund
  1409 | D:2      | 1409 ||| Stepping ~*~*~tactically~*~*~ (stealth).
  1410 | D:2      | 1410 ||| Stepping ~*~*~tactically~*~*~ (stealth).
  1418 | D:2      | Reached XP level 4. HP: 28/28 MP: 4/4
  1431 | D:2      | HP: 2/28 [something/magic dart (7)]
  1433 | D:2      | Slain by Sigmund

Levels and vault maps discovered:
D:1:      mainiacjoe_arrival_reflecting_pool, layout_basic,
          nicolae_ecumenical_snake_handling, hangedman_decor_slide_cut
D:2:      layout_basic, uniq_sigmund

Skill      XL: |  1  2 |
---------------+-------+-----
Axes           | 2 3 |  3.7
Fighting       | |  3.2
Armour         | |  3.2
Shields        | |  3.2

Action                   |  1- 3 |  4- 6 || total
-------------------------+-------+-------++-------
Melee: War axe           |   117 |    15 ||   132
  Use: Scroll            |     3 |       ||     3
       Potion            |     1 |       ||     1
Armor: Scale mail        |    56 |     4 ||    60
Dodge: Dodged            |    50 |     1 ||    51
Block: Buckler           |    26 |     1 ||    27

Table legend:
 A = Non-vault XP
 B = Vault XP
 C = Vault XP percentage of total XP
 D = Non-vault monster count
 E = Vault monster count
 F = Vault count percentage of total count
                 A         B        C        D         E       F
            +---------+---------+-------+---------+---------+-------
      Total |      76 |       6 |   7.3 |      33 |       4 |  10.8
            +---------+---------+-------+---------+---------+-------
        D:1 |      38 |       6 |  13.6 |      17 |       4 |  19.0
        D:2 |      38 |       0 |   0.0 |      16 |       0 |   0.0
            +---------+---------+-------+---------+---------+-------
